 Dungeon Crawl Stone Soup version 0.28-a0-407-g69098e2f6d (webtiles) character file.

Game seed: 16913373443274577216

12723 Armakuni the Basher (level 12, 0/97 HPs)
             Began as a Human Cinder Acolyte on Sept 5, 2021.
             Was an Elder of Ignis.
             Slain by an unseen horror (5 damage)
             ... on level 11 of the Dungeon.
             The game lasted 00:27:50 (11535 turns).

Armakuni the Basher (Human Cinder Acolyte)         Turns: 11535, Time: 00:27:51

Health: 0/97       AC: 17    Str: 17    XL:     12   Next: 23%
Magic:  27/27      EV: 10    Int: 17    God:    Ignis [****..]
Gold:   1649       SH:  0    Dex:  9    Spells: 19/19 levels left

rFire   + . .      SeeInvis .   a - +5 dire flail
rCold   . . .      Faith    .   (shield currently unavailable)
rNeg    + . .      Spirit   .   r - +0 scale mail
rPois   .          Reflect  .   h - +1 helmet
rElec   .          Harm     .   t - +1 cloak
rCorr   .          Rampage  ∞   c - +0 pair of gloves
Will    .....                   D - +3 pair of seven-league boots {Rampage+∞}
Stlth   ..........              R - amulet of regeneration
HPRegen 1.26/turn               N - ring of positive energy
MPRegen 0.20/turn               P - ring of magical power

@: lethally poisoned (0 -> -7), about to teleport, hasted and slowed, studying
Spellcasting
A: no striking features
a: Renounce Religion, Sea of Fire, Foxfire Swarm, Rising Flame


You were on level 11 of the Dungeon.
You worshipped Ignis.
Ignis was greatly pleased with you.
You visited 3 branches of the dungeon, and saw 13 of its levels.

You collected 1649 gold pieces.

Inventory:

Hand Weapons
 a - a +5 dire flail (weapon)
 b - the +7 whip of the Tooth {vorpal, rPois}
   (You found it on level 5 of the Dungeon)

   It inflicts extra damage upon your enemies.
   rPois:     It protects you from poison.
 g - the +5 mace of Excruciating Pain {freeze, Str+2 Dex+6}
   (You found it on level 4 of the Dungeon)

   It freezes those it strikes, dealing additional cold damage.
   It can also slow down cold-blooded creatures.
   Str:       It affects your strength (+2).
   Dex:       It affects your dexterity (+6).
Missiles
 p - a throwing net
 u - 4 silver boomerangs
 z - 4 boomerangs of dispersal
 F - 2 curare-tipped darts (quivered)
Armour
 c - a +0 pair of gloves (worn)
 h - a +1 helmet (worn)
 r - a +0 scale mail (worn)
 t - a +1 cloak (worn)
 D - the +3 pair of seven-league boots (worn) {Rampage+∞}
   (You found it on level 11 of the Dungeon)

   Its wearer moves as far as possible in that direction when moving towards
   enemies.
 E - a +0 plate armour
Jewellery
 C - an amulet of guardian spirit
 N - a ring of positive energy (left hand)
 P - a ring of magical power (right hand)
 R - an amulet of regeneration (around neck)
Wands
 i - a wand of acid (12)
 s - a wand of flame (22)
Scrolls
 k - 2 scrolls of identify
 l - 2 scrolls of silence
 n - 5 scrolls of enchant armour
 v - 2 scrolls of teleportation
 w - a scroll of fear
 x - a scroll of amnesia
 y - a scroll of vulnerability
 B - a scroll of immolation
Potions
 d - a potion of haste
 e - a potion of might
 f - a potion of ambrosia
 j - 2 potions of curing
 m - a potion of flight
 o - a potion of lignification
 q - 2 potions of heal wounds
 A - a potion of mutation {unknown}
 G - 2 potions of berserk rage {unknown}


   Skills:
 - Level 10.0 Fighting
 - Level 14.0 Maces & Flails
 - Level 5.0 Armour
 - Level 5.0 Dodging
 + Level 4.4 Spellcasting
 - Level 3.0 Fire Magic


You had 19 spell levels left.
You didn't know any spells.
Your spell library contained the following spells:

 Spells                   Type           Power      Damage    Failure   Level
 Scorch                   Fire           28%        2d6       21%         2
 Static Discharge         Conj/Air       3%         N/A       56%         2
 Inner Flame              Hex/Fire       8%         N/A       58%         3
 Ignite Poison            Fire/Tmut/Pois 7%         N/A       67%         3
 Mephitic Cloud           Conj/Pois/Air  3%         N/A       80%         3
 Ozocubu's Armour         Ice            3%         N/A       80%         3
 Swiftness                Air            3%         N/A       80%         3
 Flame Wave               Conj/Fire      8%         3d4       94%         4
 Cause Fear               Hex            1%         N/A       99%         4
 Alistair's Intoxication  Tmut/Pois      2%         N/A       100%        5
 Borgnjor's Vile Clutch   Necr/Erth      1%         N/A       100%        5
 Fireball                 Conj/Fire      4%         3d4       100%        5
 Freezing Cloud           Conj/Ice/Air   1%         6-21      100%        5
 Lightning Bolt           Conj/Air       1%         1d12      100%        5
 Eringya's Noxious Bog    Tmut/Pois      1%         N/A       100%        6
 Starburst                Conj/Fire      4%         6d3       100%        6
 Summon Cactus Giant      Summ           1%         N/A       100%        6
 Ozocubu's Refrigeration  Ice            1%         4d5       100%        7
 Borgnjor's Revivificati  Necr           1%         N/A       100%        8
 Discord                  Hex            1%         N/A       100%        8
 Ignition                 Fire           7%         3d4       100%        8
 Infestation              Necr           1%         N/A       100%        8
 Maxwell's Capacitive Co  Air            1%         ∞         100%        8


Dungeon Overview and Level Annotations

Branches:
Dungeon (11/15)            Temple (1/1) D:7            Lair (1/6) D:8
    Orc (0/2) D:11

Altars:
Ashenzari
Cheibriados
Dithmenos
Elyvilon
Fedhas
Gozag
Hepliaklqana
Kikubaaqudgha
Makhleb
Nemelex Xobeh
Okawaru
Qazlal
Ru
Sif Muna
Trog
Uskayaw
Vehumet
Wu Jian
Xom
Yredelemnul
Zin
The Shining One


Message History

The four-headed hydra bites you but does no damage.
The four-headed hydra bites you. The four-headed hydra bites you!
The four-headed hydra bites you.
The guardian serpent hits you but does no damage.
You sock the four-headed hydra!
The four-headed hydra is lightly wounded.
The four-headed hydra bites you!
The four-headed hydra barely misses you.
The four-headed hydra closely misses you.
The four-headed hydra bites you.
As you read the scroll of fear, it crumbles to dust.
You assume a fearsome visage.
The guardian serpent looks frightened!
The four-headed hydra looks frightened!
You stride towards the guardian serpent!
You sock the guardian serpent!
Your attack snaps the guardian serpent out of its fear.
The guardian serpent is moderately wounded.
The guardian serpent hits you!
* * * LOW HITPOINT WARNING * * *
You hit the guardian serpent.
The guardian serpent is moderately wounded.
The guardian serpent misses you.
You barely miss the guardian serpent.
The guardian serpent is moderately wounded.
The guardian serpent hits you but does no damage.
You closely miss the guardian serpent.
The guardian serpent is moderately wounded.
The guardian serpent closely misses you.
You impale the guardian serpent!!
The guardian serpent is severely wounded.
Something hits you.
* * * LOW HITPOINT WARNING * * *
As you read the scroll of teleportation, it crumbles to dust.
You feel strangely unstable.
The guardian serpent coils itself and waves its upper body at you.
The bolt of poison hits you!!
You are poisoned.
* * * LOW HITPOINT WARNING * * *
Something hits you.
You die...

#### ###.#
##≈≈≈≈≈≈≈≈≈≈≈≈≈## #
#...##≈≈≈≈≈≈≈≈≈≈≈..≈≈≈≈
#
#..##≈≈....≈≈≈≈≈C....≈≈
#
#..#D....#.?.≈≈≈...D..≈
#
#.##.....#..≈≈≈{......≈
#
#.#.....#.≈≈≈≈#≈≈≈...≈≈
#
###.....#..≈≈≈##≈≈.....
# #........≈≈≈≈≈≈≈≈.#.≈
# ###..@S≈....≈≈≈≈≈..#.≈
# #.#≈≈{.!...≈≈≈≈≈≈...#.
# #.##≈≈.....≈≈.≈≈≈..#≈≈
#
###.###≈≈....≈≈≈≈≈≈...≈≈
# ######...#
###≈≈.≈≈≈≈≈≈≈S≈≈## #
##....^...#
###≈.....≈#### #
##...###...# ##### #.##
###.....###..# #.# #...
##.......##..# #.# #.##


You could see a four-headed hydra (fleeing) and a guardian serpent.

Vanquished Creatures
  A boulder beetle (D:11)
  A two-headed ogre (D:9)
  A centaur warrior (D:8)
  A phantasmal warrior (D:11)
  2 cyclopes (D:11)
  2 centaur zombies
  Psyche (D:8)
  A freezing wraith (D:11)
  A troll (D:11)
  A shadow (D:6)
  A vampire (D:11)
  7 yaks
  12 vampire mosquitoes
  Edmund (D:4)
  An acid dragon (D:11)
  4 ice beasts
  2 sky beasts
  5 orc warriors
  4 black bears
  9 ogres
  3 centaurs
  A gnoll sergeant (D:11)
  A wyvern zombie (D:6)
  4 bullfrogs
  3 scorpions
  A water moccasin zombie (D:5)
  14 wights
  7 killer bees
  9 howler monkeys
  A jelly (D:6)
  A hound (D:7)
  Crazy Yiuf (D:4)
  6 orc priests
  2 bullfrog skeletons (D:7)
  A centaur skeleton (D:6)
  Natasha (thrice) (D:4)
  9 orc wizards
  2 howler monkey zombies (D:6)
  4 gnolls (D:11)
  8 adders
  A shadow imp (D:7)
  A white imp (D:6)
  2 worms (D:2)
  3 dart slugs
  39 orcs
  10 endoplasms
  5 giant cockroaches
  9 goblins
  9 hobgoblins
  6 quokkas
  9 ball pythons
  A bat (D:2)
  4 frilled lizards
  8 kobolds
  3 rats
249 creatures vanquished.

Vanquished Creatures (collateral kills)
  6 foxfires (D:1)
6 creatures vanquished.

Vanquished Creatures (others)
  23 foxfires
  4 fungi (D:8)
  5 plants
32 creatures vanquished.

Grand Total: 287 creatures vanquished

Notes
Turn   | Place    | Note
-------+----------+-------------------------------------------
     0 | D:1      | Armakuni the Human Cinder Acolyte began the quest for the
                  | Orb.
     0 | D:1      | Reached XP level 1. HP: 18/18 MP: 2/2
   208 | D:1      | Reached XP level 2. HP: 17/24 MP: 3/3
   968 | D:1      | Reached XP level 3. HP: 24/29 MP: 4/4
  1298 | D:2      | Reached XP level 4. HP: 23/37 MP: 5/5
  1434 | D:2      | Reached skill level 4 in Maces & Flails
  2070 | D:3      | Noticed a bullfrog
  2075 | D:3      | Killed a bullfrog
  2076 | D:3      | Reached XP level 5. HP: 33/43 MP: 6/6
  2310 | D:3      | Found a faded altar of an unknown god.
  2636 | D:3      | Reached XP level 6. HP: 50/50 MP: 7/7
  2857 | D:3      | Reached skill level 5 in Maces & Flails
  2861 | D:3      | Reached skill level 5 in Fighting
  3254 | D:4      | Noticed an ogre
  3260 | D:4      | Killed an ogre
  3295 | D:4      | Noticed a black bear
  3296 | D:4      | Noticed a black bear
  3313 | D:4      | Killed a black bear
  3314 | D:4      | Reached XP level 7. HP: 27/56 MP: 8/8
  3563 | D:4      | Noticed Natasha
  3568 | D:4      | Killed Natasha
  3569 | D:4      | Reached skill level 6 in Maces & Flails
  3583 | D:4      | Noticed Natasha
  3589 | D:4      | Killed Natasha
  3657 | D:4      | Noticed Edmund
  3658 | D:4      | Noticed Natasha
  3674 | D:4      | Killed Natasha
  3689 | D:4      | Killed Edmund
  3903 | D:4      | Identified the +3 scimitar "Nawym" {vorpal, Str+4}
  4031 | D:4      | Reached skill level 7 in Maces & Flails
  4031 | D:4      | Reached XP level 8. HP: 22/64 MP: 9/9
  4363 | D:4      | Found a runed translucent door.
  4364 | D:4      | Noticed Crazy Yiuf
  4383 | D:4      | Killed Crazy Yiuf
  4453 | D:4      | Identified the +5 mace of Excruciating Pain {freeze, Str+2
                  | Dex+6}
  4510 | D:4      | Identified a scroll of acquirement
  4510 | D:4      | Acquired 985 gold pieces
  4657 | D:5      | Entered Level 5 of the Dungeon
  4856 | D:5      | Reached skill level 8 in Maces & Flails
  5059 | D:5      | Reached skill level 9 in Maces & Flails
  5441 | D:5      | Reached XP level 9. HP: 34/69 MP: 10/10
  5711 | D:5      | Identified the +7 whip of the Tooth {vorpal, rPois}
  5856 | D:6      | Reached skill level 10 in Maces & Flails
  5974 | D:6      | Found a sparkling altar of Nemelex Xobeh.
  6115 | D:6      | Found a shimmering altar of Xom.
  6200 | D:6      | Reached skill level 11 in Maces & Flails
  6235 | D:6      | Found a shimmering blue altar of Sif Muna.
  6602 | D:7      | Found a staircase to the Ecumenical Temple.
  6640 | Temple   | Entered the Ecumenical Temple
  6917 | D:7      | Reached skill level 12 in Maces & Flails
  6985 | D:7      | Reached skill level 1 in Armour
  6985 | D:7      | Reached skill level 1 in Dodging
  6985 | D:7      | Reached XP level 10. HP: 76/76 MP: 11/11
  7421 | D:7      | Identified the +0 leather armour "Cowez" {Contam Dex+5}
  7497 | D:8      | Noticed a centaur warrior
  7518 | D:8      | Killed a centaur warrior
  7574 | D:8      | Got the Catalogue of Dark Rites and Flight
  7974 | D:8      | Found a staircase to the Lair.
  7988 | D:8      | Reached skill level 5 in Armour
  7988 | D:8      | Reached skill level 5 in Dodging
  8147 | D:8      | Noticed Psyche
  8152 | D:8      | Killed Psyche
  8418 | Lair:1   | Entered Level 1 of the Lair of Beasts
  8682 | D:9      | Noticed a two-headed ogre
  8703 | D:9      | Killed a two-headed ogre
  8704 | D:9      | Reached XP level 11. HP: 81/83 MP: 12/12
  9408 | D:10     | Entered Level 10 of the Dungeon
  9535 | D:10     | Reached skill level 13 in Maces & Flails
 10849 | D:11     | Found a staircase to the Orcish Mines.
 10914 | D:11     | Noticed a cyclops
 10923 | D:11     | Killed a cyclops
 10986 | D:11     | Reached XP level 12. HP: 64/97 MP: 13/13
 11097 | D:11     | Noticed a death knight
 11154 | D:11     | Reached skill level 10 in Fighting
 11154 | D:11     | Reached skill level 14 in Maces & Flails
 11446 | D:11     | Noticed a boulder beetle
 11461 | D:11     | Killed a boulder beetle
 11490 | D:11     | Noticed a four-headed hydra
 11501 | D:11     | Found the +3 pair of seven-league boots {Rampage+∞}
 11535 | D:11     | Slain by an unseen horror

Illustrated notes

Levels and vault maps discovered:
D:1:      dpeg_arrival_orchard, layout_basic, serial_forest,
          infiniplex_forest_straight_5, infiniplex_forest_side_room,
          infiniplex_forest_clump_small, infiniplex_forest_end_2,
          infiniplex_forest_lined_4_way, infiniplex_forest_clump_large,
          infiniplex_forest_lined_ring, infiniplex_forest_straight_2
D:2:      layout_rooms, minmay_tall_x
D:3:      layout_basic, ebering_ecumenical_altar_mist
D:4:      layout_basic, minmay_misc_feat_ornament, uniq_crazy_yiuf_cottage,
          uniq_natasha, uniq_edmund
D:5:      layout_basic, corexii_shack
D:6:      layout_basic, mainiacjoe_overflow_tiny_flanked,
          hangedman_feature_mirror
D:7:      layout_loops_cross, minmay_temple_entry_mini_moons, minivault_11
D:8:      layout_loops_ring, grunt_lair_entry_orc_guard_hut,
          minmay_manual_macuahuitl, uniq_psyche
D:9:      layout_layer_cave
D:10:     lemuel_ogre_cave, layout_basic, nicolae_twisting_strands
D:11:     layout_loops_ring, orc_0_dummy,
          hellmonk_guarded_unrand_seven_league_boots
Temple:   nicolae_temple_the_god_donut
Lair:1:   minmay_lair_venomous_thicket, layout_cave_pods, lemuel_fruit_fields,
          serial_bayou_shore_b, uniq_joseph

Skill      XL: |  1  2  3  4  5  6  7  8  9 10 11 12 |
---------------+-------------------------------------+-----
Maces & Flails | 4 5 7 9 12 13 14 | 14.0
Fighting       | 4 5 6 9 10 | 10.0
Armour         | 1 5 |  5.0
Dodging        | 1 5 |  5.0
Spellcasting   | 4 |  4.4
Fire Magic     | |  3.0

Action                   |  1- 3 |  4- 6 |  7- 9 | 10-12 || total
-------------------------+-------+-------+-------+-------++-------
Melee: Whip              |    70 |   117 |    69 |       ||   256
       Mace              |     3 |       |   217 |   174 ||   394
       Dire flail        |       |       |       |   277 ||   277
Throw: Dart              |     2 |     2 |       |     4 ||     8
       Javelin           |       |     4 |     3 |       ||     7
Invok: Foxfire Swarm     |     1 |       |     1 |     1 ||     3
Evoke: Wand              |       |       |     6 |    11 ||    17
  Use: Scroll            |       |     9 |    10 |    11 ||    30
       Potion            |       |       |     1 |     2 ||     3
 Stab: Paralysed         |       |       |       |     4 ||     4
Armor: Robe              |     7 |     1 |       |       ||     8
       Ring mail         |       |    26 |   101 |    43 ||   170
       Leather armour    |       |       |       |    78 ||    78
       Scale mail        |       |       |       |    24 ||    24
Dodge: Dodged            |    24 |    51 |   123 |   183 ||   381

Table legend: (Time is in decaauts)
 A = Elapsed time spent in this place.
 B = Non-inter-level travel time spent in this place.
 C = Inter-level travel time spent in this place.
 D = Time resting spent in this place.
 E = Time spent auto-exploring this place.
 F = Levels seen in this place.
 G = Mean time per level.
                   A        B        C        D        E       F      G
               +--------+--------+--------+--------+--------+-----+--------+
         Total |  11349 |  11057 |    292 |   1962 |   6869 |  13 |  873.0 |
       Dungeon |  11086 |  10810 |    276 |   1962 |   6649 |  11 | 1007.8 |
        Temple |    252 |    236 |     16 |      0 |    220 |   1 |  252.0 |
          Lair |      9 |      9 |      0 |      0 |      0 |   1 |    9.0 |
               +--------+--------+--------+--------+--------+-----+--------+

Top non-repeatable levels by time:
     D:4: 1413 daAuts
     D:3: 1161 daAuts
     D:5: 1138 daAuts
     D:1: 1132 daAuts
    D:10: 1046 daAuts
    D:11: 990 daAuts
     D:9: 934 daAuts
     D:2: 928 daAuts
     D:8: 893 daAuts
     D:7: 736 daAuts
     D:6: 709 daAuts
  Temple: 252 daAuts
  Lair:1: 9 daAuts
